 Dungeon Crawl Stone Soup version 0.22-a0-299-g43f9854 (webtiles) character file.

37882 tilp the Impaler (level 13, -6/98 HPs)
             Began as a Merfolk Ice Elementalist on Mar 24, 2018.
             Was a High Priest of Makhleb.
             Mangled by Snorg (16 damage)
             ... on level 4 of the Lair of Beasts on Mar 25, 2018.
             The game lasted 01:17:55 (25119 turns).

tilp the Impaler (Merfolk Ice Elementalist)        Turns: 25119, Time: 01:17:56

Health: -6/98      AC: 21    Str:  9    XL:     13   Next: 99%
Magic:  19/19      EV: 14    Int: 19    God:    Makhleb [*****.]
Gold:   563        SH:  3    Dex: 14    Spells: 17/20 levels left

rFire    + . .     SeeInvis +   a - +5 halberd
rCold    + . .     Gourm    .   (shield currently unavailable)
rNeg     . . .     Faith    .   k - quicksilver dragon scales
rPois    .         Spirit   .   N - +2 helmet
rElec    .         Reflect  +   R - scarf {rC+ rF+}
rCorr    .         Harm     .   P - +2 pair of gloves
MR       +....                  (no boots)
Stlth    +.........             z - +3 amulet of reflection
HPRegen  0.26/turn              E - ring of see invisible
MPRegen  0.16/turn              K - +2 ring of protection

@: lethally poisoned (-6 -> -6), very slightly contaminated
A: change form in water, swift swim, stealthy swim
a: Minor Destruction, Lesser Servant of Makhleb, Major Destruction, Greater
Servant of Makhleb, Renounce Religion


You were on level 4 of the Lair of Beasts.
You worshipped Makhleb.
Makhleb was extremely pleased with you.
You were not hungry.

You visited 3 branches of the dungeon, and saw 19 of its levels.
You also visited: Sewer.

You collected 869 gold pieces.
You spent 306 gold pieces at shops.

Inventory:

Hand Weapons
 a - a +5 halberd (weapon)
 b - a +2 dagger of venom
 g - the +2 flail of Eternal War {freeze, rF+ Int+3 SInv}
   (You found it on level 12 of the Dungeon)

   It has been specially enchanted to freeze those struck by it, causing extra
   injury to most foes and up to half again as much damage against particularly
   susceptible opponents.
   It can also slow down cold-blooded creatures.
   It affects your intelligence (+3).
   It protects you from fire.
   It lets you see invisible.
Missiles
 d - 26 tomahawks
 q - a javelin (quivered)
Armour
 k - quicksilver dragon scales (worn)
 N - a +2 helmet (worn)
 P - a +2 pair of gloves (worn)
 R - a scarf of resistance (worn)
Jewellery
 z - a +3 amulet of reflection (around neck)
 D - the ring "Jewomp" {MP+9 AC-3 Int+2}
   (You found it on level 1 of the Lair of Beasts)

   [ring of protection]

   It affects your AC (-3).
   It affects your intelligence (+2).
   It affects your magic capacity (+9).
 E - a ring of see invisible (left hand)
 K - a +2 ring of protection (right hand)
Wands
 l - a wand of disintegration (6)
 A - a wand of acid (19)
 G - a wand of flame (40)
 H - a wand of digging (26)
 O - a wand of iceblast (12)
Scrolls
 f - 5 scrolls of enchant armour
 m - 11 scrolls of remove curse
 o - 2 scrolls of fear
 r - 8 scrolls of teleportation
 v - 4 scrolls of enchant weapon
 x - 5 scrolls of amnesia
 y - a scroll of torment
 B - a scroll of blinking
 F - a scroll of magic mapping
 L - a scroll of brand weapon
 M - a scroll of fog
 Q - a scroll of silence {unknown}
Potions
 e - 2 potions of brilliance
 h - a potion of invisibility
 i - 5 potions of curing
 j - a potion of heal wounds
 n - 6 potions of mutation
 p - 2 potions of cancellation
 s - 3 potions of agility
 t - 2 potions of haste
 u - 3 potions of berserk rage {unknown}
 w - a potion of magic {unknown}
 I - a potion of might {unknown}
 J - 2 potions of lignification {unknown}
Comestibles
 c - 34 rations
 C - 4 chunks of flesh


   Skills:
 - Level 8.0 Fighting
 - Level 16.0 Polearms
 + Level 10.0 Armour
 - Level 8.1 Dodging
 - Level 2.1 Stealth
 - Level 4.3 Spellcasting
 - Level 4.0 Conjurations
 - Level 10.0 Ice Magic
 - Level 6.0 Invocations
 - Level 5.0 Evocations


You had 17 spell levels left.
You knew the following spells:

 Your Spells              Type           Power        Failure   Level  Hunger
a - Freeze                Ice            ####         1%          1    None
b - Throw Frost           Conj/Ice       ####..       2%          2    #......


Dungeon Overview and Level Annotations

Branches:
Dungeon (12/15)            Temple (0/1) D:4            Lair (5/6) D:8
 Shoals (0/4) Lair:4       Spider (0/4) Lair:3          Orc (2/2) D:12
    Elf (0/3) Orc:2
  Slime: Lair:5-6

Altars:
Gozag
Makhleb
Nemelex Xobeh
Okawaru
Ru
Sif Muna
Trog
Zin

Shops:
D:5 =   D:9 [   D:10 ?

Annotations:
Lair:4 Snorg


Message History

Unknown command.
Blink to where?
Press: ? - help, Dir - move target cursor You are very lightly contaminated with residual magic.
As you read the scroll of blinking, it crumbles to dust.
You feel sick.
Throwing (i - inventory. (/) - cycle)
q - 2 javelins (quivered)
Press: ? - help, Shift-Dir - straight line, f - Snorg
Aim: Snorg (almost dead, berserk, fast, unusually strong)
You throw a javelin.
The javelin hits Snorg but does no damage.
Snorg is almost dead.
Press: ? - help, Shift-Dir - straight line, f/p - Snorg
Aim: Snorg (almost dead, berserk, fast, unusually strong) Snorg resists with almost no effort.
A demon appears!
You feel sick. Snorg bites you but does no damage. Snorg misses you.
Snorg barely misses you.
You swap places.
Your hellwing hits Snorg!
Your hellwing closely misses Snorg.
Snorg bites you!
You die...

..##....[.....##....###..........
..###...#P.....#....##...#..#.##.
..##P...###...#.(....###########.
.####÷÷.##.##..#.....P##.#.##.##.
#####...........>................
..##.÷...........Y...............
....(............................
................4T...............
................@................
.........).......................
.##......###..##.........####....
.##.....###.#..##....(#..###.....
###............##.....##...##....
##................P...##..(......
#.#.....PP.....P.P.....#....#....
..............PP.P.P.P.......)...
##......##....P......P...........


You could see Snorg (berserk), a dream sheep and a friendly hellwing.

Vanquished Creatures
  An entropy weaver (Lair:4)
  A hydra (Lair:2)
  A queen ant (Lair:4)
  4 two-headed ogres
  Pikel (D:8)
  A manticore (D:11)
  A cyclops (D:12)
  5 black mambas
  8 elephants
  A gargoyle (D:10)
  4 spiny frogs
  4 komodo dragons
  A demonic crawler (Lair:3)
  6 trolls
  5 slime creatures
  A wind drake (shapeshifter) (D:12)
  10 dream sheep (Lair:4)
  7 blink frogs
  6 hippogriffs
  4 wyverns
  A hungry ghost (D:11)
  25 yaks
  2 vampire mosquitoes (D:12)
  3 basilisks
  A steam dragon (D:10)
  Menkaure (D:4)
  3 wargs (D:12)
  5 soldier ants (Lair:4)
  8 water moccasins
  8 porcupines
  3 ice beasts
  A slave (D:8)
  9 orc warriors
  12 centaurs
  4 sky beasts
  A black bear (D:12)
  2 phantoms
  4 ogres
  7 wolves
  4 crocodiles
  The ghost of Amnesiac the Magician, an amateur DEWz (D:4)
  A big kobold (D:11)
  10 bullfrogs
  6 scorpions
  A water moccasin skeleton (D:4)
  17 killer bees
  2 howler monkeys (D:10)
  An electric eel (D:8)
  4 jellies
  4 crimson imps
  A quasit (D:11)
  2 bullfrog zombies
  2 centaur skeletons (D:9)
  A hound (D:10)
  6 orc priests
  2 bullfrog skeletons
  Ijyb (D:3)
  Terence (D:3)
  8 iguanas
  20 orc wizards
  21 worker ants
  A hound zombie (D:11)
  A hound skeleton (D:6)
  A worker ant zombie (D:7)
  2 howler monkey skeletons
  7 gnolls
  23 adders
  2 shadow imps
  7 oozes
  An adder skeleton (D:9)
  A dart slug (D:3)
  7 worms
  12 leopard geckos
  67 orcs
  4 bats
  23 giant cockroaches
  3 goblins
  6 hobgoblins
  10 jackals
  7 quokkas
  9 ball pythons
  12 frilled lizards
  A jackal skeleton (D:6)
  A jackal zombie (D:9)
  10 kobolds
  2 leopard gecko skeletons
  A quokka skeleton (D:8)
  A quokka zombie (D:5)
  7 rats
517 creatures vanquished.

Vanquished Creatures (collateral kills)
  An entropy weaver (Lair:4)
  A hydra (Lair:2)
  3 two-headed ogres
  2 elephants
  A gargoyle (D:10)
  A blink frog (Lair:2)
  2 hippogriffs
  A dream sheep (Lair:4)
  A yak (D:9)
  Grum (D:9)
  A wolf (Lair:2)
  An ogre (D:12)
  3 wights (D:9)
  2 orc wizards (D:12)
  2 worker ants (Lair:4)
  A leopard gecko (D:9)
  An orc (D:12)
25 creatures vanquished.

Vanquished Creatures (others)
  14 fungi (D:8)
  6 plants
20 creatures vanquished.

Grand Total: 562 creatures vanquished

Notes
Turn   | Place    | Note
-------+----------+-------------------------------------------
     0 | D:1      | tilp the Merfolk Ice Elementalist began the quest for the Orb.
     0 | D:1      | Reached XP level 1. HP: 13/13 MP: 3/3
   345 | D:1      | Reached XP level 2. HP: 11/19 MP: 3/5
   595 | D:1      | Learned a level 2 spell: Throw Frost
  1040 | D:2      | Reached XP level 3. HP: 9/24 MP: 0/6
  1338 | D:2      | Reached skill level 5 in Ice Magic
  1391 | D:2      | Reached XP level 4. HP: 24/30 MP: 0/7
  2279 | D:2      | Reached XP level 5. HP: 26/35 MP: 4/8
  2934 | D:3      | Noticed Terence
  2940 | D:3      | Killed Terence
  2982 | D:3      | Noticed Ijyb
  3071 | D:3      | Reached XP level 6. HP: 39/41 MP: 9/9
  3227 | D:3      | Found a deep blue altar of Sif Muna.
  3405 | D:3      | Reached skill level 1 in Armour
  3619 | D:3      | Found a burning altar of Makhleb.
  3925 | D:3      | Found an opulent altar of Gozag.
  3925 | D:3      | Found a glowing silver altar of Zin.
  4116 | D:3      | Became a worshipper of Makhleb the Destroyer
  4266 | D:4      | Noticed Amnesiac's ghost (amateur DEWz)
  4311 | D:4      | Killed Amnesiac's ghost
  4758 | D:4      | Reached XP level 7. HP: 37/46 MP: 0/10
  4901 | D:4      | Found a staircase to the Ecumenical Temple.
  5221 | D:4      | Noticed Menkaure
  5556 | D:4      | Reached skill level 2 in Polearms
  5904 | D:5      | Entered Level 5 of the Dungeon
  5915 | D:5      | Found Hotid's Jewellery Shoppe.
  5923 | D:5      | Bought a cursed amulet of inaccuracy for 26 gold pieces
  5923 | D:5      | Bought a cursed ring of loudness for 58 gold pieces
  5923 | D:5      | Bought a cursed ring of teleportation for 58 gold pieces
  5962 | D:5      | Found a glowing drain.
  5976 | D:5      | Reached * piety under Makhleb
  6013 | Sewer    | Entered a sewer
  6130 | Sewer    | Reached skill level 1 in Fighting
  6215 | Sewer    | Reached XP level 8. HP: 32/57 MP: 11/11
  6478 | D:5      | Reached ** piety under Makhleb
  6728 | D:5      | Reached skill level 5 in Dodging
  7324 | D:6      | Reached skill level 5 in Armour
  7836 | D:6      | Found a sacrificial altar of Ru.
  7898 | D:6      | Reached XP level 9. HP: 61/64 MP: 8/12
  7929 | D:6      | Reached skill level 1 in Invocations
  8026 | D:6      | Found an iron altar of Okawaru.
  8217 | D:6      | Found a sparkling altar of Nemelex Xobeh.
  8442 | D:6      | Upgraded the game from 0.22-a0-293-gc9362ec to 0.22-a0-299-g43f9854
  9342 | D:7      | Reached skill level 5 in Invocations
  9449 | D:7      | Reached *** piety under Makhleb
 10283 | D:8      | Noticed Pikel
 10360 | D:8      | Killed Pikel
 10584 | D:8      | Reached XP level 10. HP: 43/70 MP: 10/14
 10715 | D:8      | Found a staircase to the Lair.
 11465 | D:8      | Found Mutubim's Food Boutique.
 11810 | D:9      | Reached skill level 5 in Fighting
 12046 | D:9      | Noticed Grum
 12066 | D:9      | Reached skill level 3 in Polearms
 12202 | D:9      | Reached skill level 4 in Polearms
 12471 | D:9      | Reached skill level 5 in Polearms
 12533 | D:9      | Reached **** piety under Makhleb
 12541 | D:9      | Reached skill level 6 in Polearms
 12723 | D:9      | Reached skill level 7 in Polearms
 12847 | D:9      | Found Taix's Antique Armour Emporium.
 12855 | D:9      | Bought a helmet for 112 gold pieces
 12867 | D:9      | Noticed a two-headed ogre
 12890 | D:9      | HP: 1/76 [Grum/spear of distortion (3)]
 12892 | D:9      | Killed a two-headed ogre
 12892 | D:9      | Reached skill level 9 in Polearms
 12907 | D:9      | Killed Grum
 12997 | D:9      | Noticed a two-headed ogre
 13013 | D:9      | Killed a two-headed ogre
 13013 | D:9      | Reached XP level 11. HP: 41/81 MP: 15/15
 13220 | D:9      | Reached skill level 10 in Polearms
 13946 | D:4      | Killed Menkaure
 14025 | D:3      | Killed Ijyb
 14178 | D:10     | Entered Level 10 of the Dungeon
 14179 | D:10     | Noticed a two-headed ogre
 14198 | D:10     | Reached skill level 11 in Polearms
 14351 | D:10     | Noticed a two-headed ogre
 15166 | D:10     | Reached skill level 12 in Polearms
 15265 | D:10     | Found Eroemeeq's Magic Scroll Emporium.
 15270 | D:10     | Bought a scroll of noise for 13 gold pieces
 15270 | D:10     | Bought a scroll of teleportation for 39 gold pieces
 15676 | D:10     | Killed a two-headed ogre
 15676 | D:10     | Reached skill level 13 in Polearms
 15703 | D:10     | Killed a two-headed ogre
 16336 | D:11     | Reached skill level 14 in Polearms
 17115 | D:11     | Noticed a manticore
 17121 | D:11     | Killed a manticore
 17346 | D:11     | Reached skill level 15 in Polearms
 17706 | D:12     | Got an ivory flail
 17928 | D:12     | Noticed a cyclops
 17945 | D:12     | Found a staircase to the Orcish Mines.
 17950 | D:12     | Killed a cyclops
 17950 | D:12     | Reached XP level 12. HP: 88/88 MP: 16/16
 17966 | D:12     | Reached skill level 16 in Polearms
 18404 | D:12     | Noticed a two-headed ogre
 18412 | D:12     | Killed a two-headed ogre
 18413 | D:12     | Noticed a two-headed ogre
 18416 | D:12     | Killed a two-headed ogre
 18515 | D:12     | Noticed a two-headed ogre
 18528 | D:12     | Killed a two-headed ogre
 19594 | Orc:1    | Entered Level 1 of the Orcish Mines
 19608 | Orc:1    | Reached ***** piety under Makhleb
 19667 | Orc:1    | Found a bloodstained altar of Trog.
 19674 | Orc:1    | Reached skill level 10 in Ice Magic
 19794 | Orc:2    | Entered Level 2 of the Orcish Mines
 19794 | Orc:2    | Found a staircase to the Elven Halls.
 20259 | Lair:1   | Entered Level 1 of the Lair of Beasts
 20268 | Lair:1   | Got a smoking gossamer ring
 20269 | Lair:1   | Identified the cursed ring "Jewomp" {MP+9 AC-3 Int+2} (You found it on level 1 of the Lair of Beasts)
 20277 | Lair:1   | Identified the +2 flail of Eternal War {freeze, rF+ Int+3 SInv} (You found it on level 12 of the Dungeon)
 21407 | Lair:2   | Noticed a four-headed hydra
 21421 | Lair:2   | Killed a four-headed hydra
 21501 | Lair:2   | Noticed a five-headed hydra
 21521 | Lair:2   | Killed a five-headed hydra
 21599 | Lair:2   | Reached XP level 13. HP: 98/98 MP: 16/19
 21661 | Lair:2   | Reached skill level 1 in Evocations
 22285 | Lair:3   | Found a hole to the Spider Nest.
 22555 | Lair:3   | Reached skill level 5 in Evocations
 23508 | Lair:4   | Found a staircase to the Shoals.
 24162 | Lair:4   | Noticed an entropy weaver
 24163 | Lair:4   | Noticed an entropy weaver
 24180 | Lair:4   | Killed an entropy weaver
 24270 | Lair:4   | Reached skill level 10 in Armour
 24419 | Lair:4   | Killed an entropy weaver
 24419 | Lair:4   | Reached skill level 1 in Conjurations
 24928 | Lair:5   | Noticed Snorg
 25119 | Lair:4   | Mangled by Snorg

Vault maps used:
D:1:      saegor_arrival_simple_c, serial_bayou_lagoon_a, serial_bayou_pond_c,
          minmay_misc_feat_plants, minmay_hexomino_u4
D:2:      serial_corexii_hall, corexii_hall_statues_x, corexii_hall_statues_x,
          first_ration, minmay_snake_closets
D:3:      minmay_roachtagon, lemuel_doored_altar,
          grunt_temple_overflow_gold_and_silver, nicolae_overflow_hidden_temple,
          uniq_ijyb, uniq_terence
D:4:      minmay_temple_entry_nine_rooms, serial_bayou, serial_bayou_shore_b,
          serial_bayou_crossing, serial_bayou_pond_b, serial_bayou_shore_a,
          serial_bayou_lake_a, serial_bayou_pond_e, uniq_menkaure
D:5:      gup_sewer_entry_pipe, serial_shops, shop
D:6:      overflow_temple_1_default, nicolae_ru_sacrificial_ziggurat,
          nemelex_lonely_heart_becter
D:7:      hex_large
D:8:      cheibrodos_helix_gallery, due_lair_maze_entry_diamond, serial_shops,
          shop_fountains, uniq_pikel
D:9:      serial_shops, shop_statue, hex_tiny, uniq_grum
D:10:     serial_shops, kennysheep_little_box
D:11:     hangedman_little_slice_of_home
D:12:     minmay_orc_entry_guard_dogs, serial_corexii_hall,
          corexii_hall_statues_x, corexii_hall_statues_deadend,
          corexii_hall_statues_l, kennysheep_generic_room_6
Lair:3:   nicolae_spider_entry_non_spiders, lemuel_fruit_fields
Lair:4:   minmay_shoals_entry_centaurs, wad_woods_antlair, serial_bayou_shore_b
Lair:5:   lemuel_fruit_tree, uniq_snorg
Orc:1:    trog_butcher_becter
Orc:2:    st_orc_rangers
Sewer:    sewer_frog_island_01

Skill      XL: |  1  2  3  4  5  6  7  8  9 10 11 12 13 |
---------------+----------------------------------------+-----
Ice Magic      | 4 5 6 7 10 | 10.0
Armour         | 2 4 6 7 8 10 | 10.0
Polearms       | 2 9 15 16 | 16.0
Fighting       | 2 3 6 8 |  8.0
Dodging        | 5 7 8 |  8.1
Invocations    | 6 |  6.0
Spellcasting   | 4 |  4.3
Evocations     | 5 |  5.0
Conjurations   | 4 |  4.0
Stealth        | |  2.1

Action                   |  1- 3 |  4- 6 |  7- 9 | 10-12 | 13-15 || total
-------------------------+-------+-------+-------+-------+-------++-------
Melee: Whip              |    61 |   300 |    35 |       |       ||   396
       Dagger            |       |       |   505 |   304 |       ||   809
       Tailslap          |       |       |     8 |       |       ||     8
       Halberd           |       |       |       |   596 |   539 ||  1135
Throw: Javelin           |     1 |     5 |       |       |     2 ||     8
       Tomahawk          |       |       |    11 |    32 |     7 ||    50
 Cast: Freeze            |    20 |    66 |    99 |   113 |    29 ||   327
Invok: Lesser Servant of |       |       |       |    16 |    10 ||    26
       Minor Destruction |       |       |       |    29 |     5 ||    34
Evoke: Wand              |       |       |       |     4 |       ||     4
  Use: Potion            |     1 |       |       |     3 |     1 ||     5
       Scroll            |       |       |    14 |    12 |     3 ||    29
 Stab: Sleeping          |     2 |     2 |       |     3 |     4 ||    11
       Distracted        |       |       |       |     2 |     5 ||     7
  Eat: Chunk             |     2 |     9 |    17 |    36 |    12 ||    76
       Ration            |       |     1 |     1 |     1 |       ||     3
Armor: Robe              |     6 |       |       |       |       ||     6
       Quicksilver drago |    40 |   150 |   289 |   445 |   240 ||  1164
Dodge: Dodged            |    60 |   186 |   385 |   583 |   294 ||  1508
Block: Other             |       |       |       |    68 |    56 ||   124
       Reflection        |       |       |       |     1 |     2 ||     3

Table legend:
 A = Spawn XP
 B = Non-spawn XP
 C = Spawn XP percentage of total XP
 D = Spawn monster count
 E = Non-spawn monster count
 F = Spawn count percentage of total count
 G = Total turns spent on level
                    A         B        C        D         E        F      G
               +---------+---------+-------+---------+---------+-------+---------
         Total |       0 |   54118 |   0.0 |       0 |     541 |   0.0 | 25119
               +---------+---------+-------+---------+---------+-------+---------
           D:1 |       0 |      17 |   0.0 |       0 |      10 |   0.0 |  1010
           D:2 |       0 |     250 |   0.0 |       0 |      38 |   0.0 |  1922
           D:3 |       0 |     198 |   0.0 |       0 |      35 |   0.0 |  1387
           D:4 |       0 |     797 |   0.0 |       0 |      20 |   0.0 |  1925
           D:5 |       0 |     346 |   0.0 |       0 |      23 |   0.0 |   833
           D:6 |       0 |    1038 |   0.0 |       0 |      35 |   0.0 |  1937
           D:7 |       0 |     680 |   0.0 |       0 |      28 |   0.0 |   827
           D:8 |       0 |    1863 |   0.0 |       0 |      23 |   0.0 |  1825
           D:9 |       0 |    4456 |   0.0 |       0 |      40 |   0.0 |  2453
          D:10 |       0 |    3953 |   0.0 |       0 |      26 |   0.0 |  1628
          D:11 |       0 |    3088 |   0.0 |       0 |      28 |   0.0 |  1323
          D:12 |       0 |    9158 |   0.0 |       0 |      59 |   0.0 |  2253
        Lair:1 |       0 |    1576 |   0.0 |       0 |       7 |   0.0 |  1086
        Lair:2 |       0 |    4494 |   0.0 |       0 |      20 |   0.0 |   801
        Lair:3 |       0 |    4458 |   0.0 |       0 |      26 |   0.0 |   891
        Lair:4 |       0 |   13643 |   0.0 |       0 |      53 |   0.0 |  1942
        Lair:5 |       0 |    1837 |   0.0 |       0 |       8 |   0.0 |   140
         Orc:1 |       0 |     762 |   0.0 |       0 |      19 |   0.0 |   465
         Orc:2 |       0 |    1263 |   0.0 |       0 |      23 |   0.0 |   103
         Sewer |       0 |     241 |   0.0 |       0 |      20 |   0.0 |   368
               +---------+---------+-------+---------+---------+-------+---------
